 Dungeon Crawl Stone Soup version 0.22.0-38-g04b72b8 (webtiles) character file.

1176 Lew the Shield-Bearer (level 8, 51/51 HPs)
             Began as a Gargoyle Fighter on Aug 27, 2018.
             Was an Initiate of Gozag.
             Quit the game on level 7 of the Dungeon.
             The game lasted 00:08:09 (4938 turns).

Lew the Shield-Bearer (Gargoyle Fighter)            Turns: 4938, Time: 00:08:09

Health: 51/51      AC: 16    Str: 21    XL:     8   Next: 41%
Magic:  8/8        EV:  8    Int: 10    God:    Gozag
Gold:   247        SH: 10    Dex:  9    Spells: 7/7 levels left

rFire    . . .     SeeInvis .   a - +0 war axe
rCold    . . .     Gourm    .   c - +0 shield
rNeg     + . .     Faith    .   b - +0 scale mail
rPois    ∞         Spirit   .   m - +0 helmet
rElec    +         Reflect  .   (no cloak)
rCorr    .         Harm     .   u - +0 pair of gloves
MR       .....                  l - +0 pair of boots
Stlth    +.........             (no amulet)
HPRegen  0.17/turn              r - ring of stealth
MPRegen  0.11/turn              s - ring of flight

@: no status effects
A: negative energy resistance 1, electricity resistance, unbreathing,
petrification resistance, rot immunity, AC +5
a: Potion Petition, Call Merchant, Bribe Branch, Renounce Religion, Evoke Flight


You were on level 7 of the Dungeon.
You worshipped Gozag.
Gozag was aware of your devotion.
You were not hungry.

You visited 2 branches of the dungeon, and saw 8 of its levels.

You collected 395 gold pieces.
You paid 148 gold pieces to Gozag.

Inventory:

Hand Weapons
 a - a +0 war axe (weapon)
Armour
 b - a +0 scale mail (worn)
 c - a +0 shield (worn)
 l - a +0 pair of boots (worn)
 m - a +0 helmet (worn)
 u - a +0 pair of gloves (worn)
Jewellery
 r - a ring of stealth (left hand)
 s - a ring of flight (right hand)
Wands
 h - a wand of random effects (12)
Scrolls
 e - 2 scrolls of remove curse
 i - a scroll of magic mapping
 j - 5 scrolls of teleportation
 o - a scroll of fear
 p - a scroll of blinking
Potions
 d - a potion of might
 g - 2 potions of resistance
 k - a potion of haste
 n - a potion of ambrosia
 q - 3 potions of flight
 t - a potion of invisibility
 v - 2 potions of agility
Comestibles
 f - 6 rations


   Skills:
 + Level 5.7 Fighting
 * Level 5.8 Axes
 + Level 5.7 Armour
 + Level 5.8 Shields


You had 7 spell levels left.
You didn't know any spells.
Your spell library contained the following spells:

 Spells                   Type           Power        Failure   Level  Hunger
 Corona                   Hex            #......      97%         1    ##.....
 Ensorcelled Hibernation  Hex/Ice        #.....       99%         2    ###....
 Confuse                  Hex            #.......     100%        3    ####...
 Dazzling Spray           Conj/Hex       #.....       100%        3    ####...
 Tukima's Dance           Hex            #.......     100%        3    ####...


Dungeon Overview and Level Annotations

Branches:
Dungeon (7/15)             Temple (1/1) D:6

Altars:
Ashenzari
Cheibriados
Dithmenos
Elyvilon
Fedhas
Gozag
Hepliaklqana
Kikubaaqudgha
Makhleb
Nemelex Xobeh
Uskayaw
Vehumet
Wu Jian
Xom
Yredelemnul
The Shining One

Shops:
D:7 =


Innate Abilities, Weirdness & Mutations

You are resistant to torment.
Your stone body is resilient. (AC +5)
You are immune to poison.
You resist negative energy. (rN+)
You are resistant to electric shocks. (rElec)
You can survive without breathing.
You are immune to petrification.
You are immune to rotting.


Message History

You climb downwards.
You hear the roar of battle.
There is an entrance to a bailey on this level.
Hurry and find it before the portal closes forever!
The walls and floor vibrate strangely for a moment.
There is a stone staircase leading up here.
You see here 4 tomahawks of returning.
Unknown command.
Found 10 gold pieces.
Found Acliygh's Jewellery Shoppe.
Found a stone staircase leading up.
You are feeling very hungry.
You eat one of the 7 rations.
That ration really hit the spot!
Found a potion of brilliance.
You enter the shallow water.
Moving in this stuff is going to be slow.
You enter the shallow water.
Moving in this stuff is going to be slow.
There is an empty arch of ancient stone here.
There is nothing on the other side of the stone arch.
Are you sure you want to abandon this character and quit the game? (Confirm with "yes".)

,,**,,,,,***#.#..............,,,,
,,,,,,,..,* #..≈≈≈≈≈≈≈≈≈≈≈≈≈≈≈,,,
,,,,,*,...* ##.≈###.......###≈,,,
,***,**...#* #.≈# ######### *≈,,,
,* *,**#...###.≈## **≈,,,
,***,**#.......≈.# *,≈,,,
,,**,,*........≈.# *,≈,,,
,,**,,*........≈.## *,≈,,*
,,*,,,*..#.....≈@∩# *,≈*,,
,,,,,,,.*##....≈.## *,≈*,,
,,****,,,*#....≈.# *,≈**,
,,,,,,,*......#≈.# *,≈**,
***,,,**###....≈## **≈**, * **,**
##...≈# ********* *≈*,, * *,*
*.###≈#**,,,,,,,***≈,** ****,*
#.* #≈≈≈≈≈≈≈≈≈≈≈≈≈≈≈** ,,**,* ***
*,*,,*,,,,*******


There were no monsters in sight!

Vanquished Creatures
  A phantom (D:6)
  2 sky beasts
  A centaur (D:5)
  A wyvern skeleton (D:7)
  A scorpion (D:7)
  A crimson imp (D:5)
  2 jellies (D:5)
  4 hounds
  An orc wizard (D:3)
  5 orc priests
  An iguana (D:6)
  2 worker ants
  A hound zombie (D:7)
  A hound skeleton (D:7)
  A howler monkey skeleton (D:6)
  4 adders
  8 gnolls
  An ooze (D:1)
  5 worms
  3 dart slugs
  5 leopard geckos
  15 orcs
  3 giant cockroaches
  5 goblins
  13 hobgoblins
  7 jackals
  A quokka (D:7)
  3 ball pythons
  5 bats
  2 frilled lizards
  A giant cockroach zombie (D:5)
  8 kobolds
  6 rats
120 creatures vanquished.

Notes
Turn   | Place    | Note
-------+----------+-------------------------------------------
     0 | D:1      | Lew the Gargoyle Fighter began the quest for the Orb.
     0 | D:1      | Reached XP level 1. HP: 14/14 MP: 1/1
    26 | D:1      | Reached XP level 2. HP: 17/19 MP: 2/2
   202 | D:1      | Reached XP level 3. HP: 23/23 MP: 3/3
   733 | D:2      | Reached XP level 4. HP: 25/29 MP: 4/4
  1651 | D:3      | Reached XP level 5. HP: 19/33 MP: 5/5
  1884 | D:3      | Found an ornate altar of the Wu Jian Council.
  2501 | D:4      | Reached XP level 6. HP: 38/38 MP: 6/6
  2735 | D:5      | Entered Level 5 of the Dungeon
  2869 | D:5      | Noticed a sky beast
  2902 | D:5      | Killed a sky beast
  2902 | D:5      | Reached XP level 7. HP: 20/44 MP: 7/7
  3186 | D:5      | Found a white marble altar of Elyvilon.
  3224 | D:5      | Reached skill level 5 in Fighting
  3224 | D:5      | Reached skill level 5 in Shields
  3368 | D:5      | Reached skill level 5 in Armour
  3681 | D:6      | Reached skill level 5 in Axes
  3767 | D:6      | Found a staircase to the Ecumenical Temple.
  3916 | D:6      | Reached XP level 8. HP: 22/50 MP: 8/8
  4742 | Temple   | Entered the Ecumenical Temple
  4811 | Temple   | Became a worshipper of Gozag Ym Sagoz the Greedy
  4870 | D:7      | Found Acliygh's Jewellery Shoppe.
  4938 | D:7      | Quit the game

Skill      XL: |  1  2  3  4  5  6  7 |
---------------+----------------------+-----
Axes           | 2 3 4 5 |  5.8
Fighting       | 4 5 |  5.7
Armour         | 4 5 |  5.7
Shields        | 4 5 |  5.8

Action                   |  1- 3 |  4- 6 |  7- 9 || total
-------------------------+-------+-------+-------++-------
Melee: War axe           |    98 |   214 |   189 ||   501
  Use: Scroll            |       |    15 |     3 ||    18
       Potion            |       |     1 |     1 ||     2
  Eat: Chunk             |       |     6 |       ||     6
       Ration            |       |       |     3 ||     3
Armor: Scale mail        |    47 |   145 |   115 ||   307
Dodge: Dodged            |    44 |    84 |    58 ||   186
Block: Shield            |    57 |   120 |   103 ||   280
